 Dungeon Crawl Stone Soup version 0.30-a0-557-ge2afbf3030 (webtiles) character file.

Game seed: 16240041335541214459

71 greasedhog the Trooper (level 4, 0/57 HPs)
             Began as a Merfolk Fighter on Dec 28, 2022.
             Succumbed to Crazy Yiuf's poison
             ... on level 2 of the Dungeon.
             The game lasted 00:01:29 (1186 turns).

greasedhog the Trooper (Merfolk Fighter)            Turns: 1186, Time: 00:01:30

Health: 0/57       AC: 22    Str: 18    XL:     4   Next: 24%
Magic:  0/4        EV:  2    Int:  7    God:
Gold:   110        SH:  4    Dex: 13    Spells: 3/3 levels left

rFire   . . .      SeeInvis .    a - +0 trident
rCold   . . .      Faith    .    c - +0 buckler
rNeg    . . .      Spirit   .    (body armour currently unavailable)
rPois   +          Reflect  .    (helmet currently unavailable)
rElec   .          Harm     .    (cloak currently unavailable)
rCorr   .          Rampage  .    (gloves currently unavailable)
Will    .....      NoTele   +    (boots currently unavailable)
Stlth   +                        (no amulet)
HPRegen 0.29/turn                (no ring)
MPRegen 0.09/turn                (no ring)

@: mighty, lethally poisoned (0 -> -2), tree-form
A: stationary, stasis, torment immunity, boosted hp, (nimble swimmer 2),
(mertail)
a: no special abilities


You were on level 2 of the Dungeon.
You were a tree.
You visited 1 branch of the dungeon, and saw 2 of its levels.

You collected 110 gold pieces.

Inventory:

Hand Weapons
 a - a +0 trident (weapon)
Armour
 c - a +0 buckler (worn)
 i - a +0 ring mail (melded)
Scrolls
 b - a scroll of magic mapping {unknown}
 e - a scroll of fog
 f - a scroll of teleportation
 g - a scroll of vulnerability {unknown}


   Skills:
 * Level 4.5 Fighting
 * Level 4.5 Polearms
 - Level 2.1 Armour
 - Level 3.0 Shields


You had 3 spell levels left.
You didn't know any spells.
Your spell library contained the following spells:

 Spells                   Type           Power      Damage    Failure   Level
 Beastly Appendage        Tmut           0%         N/A       52%         1
 Wereblood                Tmut           0%         N/A       67%         2
 Spider Form              Tmut/Pois      0%         N/A       88%         3


Dungeon Overview and Level Annotations

Branches:
Dungeon (2/15)

Altars:


Innate Abilities, Weirdness & Mutations

You are a tree.
Your roots penetrate the ground, keeping you stationary.
You cannot be teleported.
You are immune to unholy pain and torment.
Your maximum health is greatly increased.
Your equipment is partially melded.
((You are very nimble when in or above water. (Stealth+, EV+, Speed+++)))
((Your lower body shifts to a powerful aquatic tail in water.))


Message History

You barely miss Crazy Yiuf. You block Crazy Yiuf's attack.
You puncture Crazy Yiuf!
Crazy Yiuf is heavily wounded.
Crazy Yiuf hits you with a +3 quarterstaff of chaos!
You barely miss Crazy Yiuf.
Crazy Yiuf is heavily wounded.
You block Crazy Yiuf's attack.
You closely miss Crazy Yiuf.
Crazy Yiuf is heavily wounded.
You block Crazy Yiuf's attack.
You barely miss Crazy Yiuf.
Crazy Yiuf is heavily wounded.
Crazy Yiuf barely misses you.
You barely miss Crazy Yiuf.
Crazy Yiuf is heavily wounded.
Crazy Yiuf hits you with a +3 quarterstaff of chaos!
You are poisoned.
Crazy Yiuf hits you with a +3 quarterstaff of chaos.
You barely miss Crazy Yiuf.
Crazy Yiuf is heavily wounded.
You feel very sick.
Crazy Yiuf screams, "Hah ragdoll Hive!"
Crazy Yiuf hits you with a +3 quarterstaff of chaos!
* * * LOW HITPOINT WARNING * * *
You feel your power leaking away.
You puncture Crazy Yiuf!
You kill Crazy Yiuf!
* * * LOW HITPOINT WARNING * * *
You feel sick.
You have reached level 4!
Really quaff the potion of lignification?
You turn into a tree.
Your +0 ring mail melds into your body.
Your roots penetrate the ground.
* * * LOW HITPOINT WARNING * * *
You feel sick.
* * * LOW HITPOINT WARNING * * *
You feel sick.
* * * LOW HITPOINT WARNING * * *
You feel sick.
You die...

#†#
#####.......###...
#.# ##......# #...
#.# #......# #...
#.# ####...# #...
#.# #...# #... #.#
##### ####
#.####♣♣ ###
#.#.#..♣♣ ♣♣#..)#
#.......♣♣♣♣♣)...#
###......♣..♣#...#
###...♣.♣♣♣ ###
##♣♣♣♣♣


There were no monsters in sight!

Vanquished Creatures
  Crazy Yiuf (D:2)
  An adder (D:2)
  2 dart slugs
  A bat (D:1)
  2 endoplasms (D:1)
  2 giant cockroaches (D:1)
  2 hobgoblins
  11 ball pythons
  2 frilled lizards (D:1)
  5 kobolds
  3 rats
32 creatures vanquished.

Vanquished Creatures (others)
  2 plants (D:1)
2 creatures vanquished.

Grand Total: 34 creatures vanquished

Notes
Turn   | Place    | Note
-------+----------+-------------------------------------------
     0 | D:1      | greasedhog the Merfolk Fighter began the quest for the Orb.
     0 | D:1      | Reached XP level 1. HP: 18/18 MP: 1/1
   142 | D:1      | Reached XP level 2. HP: 22/24 MP: 2/2
   235 | D:1      | Found a faded altar of an unknown god.
   782 | D:1      | Reached XP level 3. HP: 30/30 MP: 3/3
  1168 | D:2      | Found a runed translucent door.
  1170 | D:2      | Noticed Crazy Yiuf
  1182 | D:2      | Killed Crazy Yiuf
  1183 | D:2      | Reached XP level 4. HP: 3/38 MP: 0/4
  1184 | D:2      | HP: 2/57 [poisoned by Crazy Yiuf]
  1186 | D:2      | Succumbed to Crazy Yiuf's poison

Illustrated notes

Levels and vault maps discovered:
D:1:      matt_arrival_spirals, layout_loops_ring,
          nicolae_ecumenical_snake_handling, serial_bayou_pond_b,
          serial_park_tiny_pond
D:2:      layout_rooms, uniq_crazy_yiuf_cottage

Skill      XL: |  1  2  3 |
---------------+----------+-----
Polearms       | 3 4 |  4.5
Fighting       | 4 |  4.5
Armour         | |  2.1
Shields        | |  3.0

Action                   |  1- 3 |  4- 6 || total
-------------------------+-------+-------++-------
Melee: Trident           |   115 |       ||   115
       Tailslap          |     1 |       ||     1
  Use: Scroll            |     3 |       ||     3
       Potion            |     1 |     1 ||     2
Armor: Scale mail        |    45 |       ||    45
       Ring mail         |     3 |       ||     3
Dodge: Dodged            |    43 |       ||    43
Block: Buckler           |    34 |       ||    34

Table legend: (Time is in decaauts)
 A = Elapsed time spent in this place.
 B = Non-inter-level travel time spent in this place.
 C = Inter-level travel time spent in this place.
 D = Time resting spent in this place.
 E = Time spent auto-exploring this place.
 F = Levels seen in this place.
 G = Mean time per level.
                   A        B        C        D        E       F      G
               +--------+--------+--------+--------+--------+-----+--------+
         Total |   1202 |   1150 |     52 |      0 |    900 |   2 |  601.0 |
       Dungeon |   1202 |   1150 |     52 |      0 |    900 |   2 |  601.0 |
               +--------+--------+--------+--------+--------+-----+--------+

Top non-repeatable levels by time:
     D:1: 943 daAuts
     D:2: 259 daAuts
